 Dungeon Crawl Stone Soup version 0.20.1-1-g8b1a95d (webtiles) character file.

25 dohliylev the Vexing (level 2, 0/19 HPs)
             Began as a Vampire Enchanter on Aug 8, 2017.
             Slain by an adder (1 damage)
             ... on level 2 of the Dungeon.
             The game lasted 00:03:34 (1201 turns).

dohliylev the Vexing (Vampire Enchanter)            Turns: 1201, Time: 00:03:35

Health: 0/19       AC:  2    Str: 10    XL:     2   Next: 82%
Magic:  0/5        EV: 12    Int: 17    God:
Gold:   58         SH:  0    Dex: 14    Spells: 2/5 levels left

rFire    . . .     SeeInvis +   a - +1 dagger
rCold    . . .     Gourm    .   (no shield)
rNeg     + . .     Faith    .   b - +0 robe
rPois    .         Spirit   .   (no helmet)
rElec    .         Reflect  .   (no cloak)
rCorr    .         Harm     .   (no gloves)
MR       .....                  (no boots)
Stlth    +++.......             f - amulet of inaccuracy (curse)
Regen    0.1/turn               g - ring of wizardry
MPRegen  0.1/turn               i - +3 ring of strength

@: lethally poisoned (0 -> -6), very slightly contaminated
A: fangs 3, see invisible, unbreathing
a: no special abilities


You were on level 2 of the Dungeon.
You were not thirsty.

You visited 1 branch of the dungeon, and saw 2 of its levels.

You collected 58 gold pieces.

Inventory:

Hand Weapons
 a - a +1 dagger (weapon)
Armour
 b - a +0 robe (worn)
Jewellery
 f - a cursed amulet of inaccuracy (around neck)
 g - a ring of wizardry (left hand)
 i - a +3 ring of strength (right hand)
 k - a +5 amulet of reflection {unknown}
Scrolls
 e - 2 scrolls of enchant armour {unknown}
 h - a scroll of fog {unknown}
 l - a scroll of random uselessness {unknown}
Potions
 d - 7 potions of blood
 j - a potion of curing {unknown}
 m - a potion of flight {unknown}
Books
 c - a book of Maledictions

   Spells                             Type                      Level
   a - Corona                         Hexes                        1
   b - Ensorcelled Hibernation        Hexes/Ice                    2
   c - Confuse                        Hexes                        3
   d - Tukima's Dance                 Hexes                        3
   e - Dazzling Spray                 Conjuration/Hexes            3


   Skills:
 + Level 1.5 Short Blades
 + Level 2.2 Dodging
 + Level 4.8 Stealth
 + Level 2.2 Spellcasting
 + Level 5.0 Hexes


You had 2 spell levels left.
You knew the following spells:

 Your Spells              Type           Power        Failure   Level  Hunger
a - Corona                Hex            ###....      1%          1    #......
b - Ensorcelled Hibernat  Hex/Ice        ##....       4%          2    ###....


Dungeon Overview and Level Annotations

Branches:
Dungeon (2/15)

Altars:


Innate Abilities, Weirdness & Mutations

You have razor-sharp teeth.
You have supernaturally acute eyesight. (SInv)
You can survive without breathing.


Message History

Confirm with . or Enter, or press ? or * to list all spells.
You don't have enough magic to cast that spell.
The adder bites you.
* * * LOW HITPOINT WARNING * * *
You are lethally poisoned!
The adder poisons you!
Casting: Ensorcelled Hibernation
Confirm with . or Enter, or press ? or * to list all spells.
Aiming: Corona
Press: ? - help, Shift-Dir - straight line, f/p - adder
Aim: an adder (chance to defeat MR: 66%)
The adder is outlined in light.
* * * LOW HITPOINT WARNING * * *
You feel sick. The adder barely misses you.
You miss the adder. The adder barely misses you.
You hit the adder.
The adder is lightly wounded.
* * * LOW HITPOINT WARNING * * *
You feel sick. The adder bites you.
You die...

.# #######.
#####......
#.....$...
##........
......... #......#
#.....S# .#
#.....@######.#
#...###.....#.#
###### #..
#.###.#.###......
#. #.#
#........%... #
##.###<...........
#.................
#...............#
#.............%.#
#............##


You could see an adder.

Vanquished Creatures
  4 bats (D:1)
  3 giant cockroaches (D:1)
  4 hobgoblins (D:1)
  A ball python (D:1)
  3 frilled lizards
  A goblin (D:1)
  4 kobolds (D:1)
  6 rats (D:1)
26 creatures vanquished.

Notes
Turn   | Place    | Note
-------+----------+-------------------------------------------
     0 | D:1      | dohliylev the Vampire Enchanter began the quest for the Orb.
     0 | D:1      | Reached XP level 1. HP: 13/13 MP: 3/3
   209 | D:1      | Reached XP level 2. HP: 13/19 MP: 5/5
   238 | D:1      | Learned a level 2 spell: Ensorcelled Hibernation
  1022 | D:1      | Reached skill level 5 in Hexes
  1201 | D:2      | Slain by an adder

Skill      XL: |  1  2 |
---------------+-------+-----
Hexes          | 5 |  5.0
Short Blades   | |  1.5
Dodging        | |  2.2
Stealth        | |  4.8
Spellcasting   | |  2.2

Action                   || total
-------------------------++-------
Melee: Dagger            ||    69
       Bite              ||     3
 Cast: Ensorcelled Hiber ||    11
       Corona            ||     4
 Stab: Sleeping          ||    12
  Eat: Corpse            ||     4
Armor: Robe              ||    25
Dodge: Dodged            ||    65
